 Dungeon Crawl Stone Soup version 0.27.0-1-g7a089689b8 (webtiles) character file.

Game seed: 17348217024338708322

367 MisterFreud the Cudgeller (level 6, 0/38 HPs)
             Began as a Gargoyle Fighter on Aug 1, 2021.
             Slain by a gnoll (12 damage)
             ... on level 3 of the Dungeon.
             The game lasted 00:06:25 (3649 turns).

MisterFreud the Cudgeller (Gargoyle Fighter)        Turns: 3649, Time: 00:06:26

Health: 0/38       AC: 13    Str: 20 (22) XL:     6   Next: 69%
Magic:  6/6        EV: 11    Int:  5 (8)  God:
Gold:   58         SH:  9    Dex:  9      Spells: 5/5 levels left

rFire    . . .     SeeInvis .   a - +1 flail
rCold    . . .     Faith    .   c - +0 kite shield
rNeg     + . .     Spirit   .   b - +0 scale mail
rPois    ∞         Reflect  .   (no helmet)
rElec    +         Harm     .   (no cloak)
rCorr    .         Rampage  .   l - +0 pair of gloves
Will     .....                  n - +0 pair of boots
Stlth    ..........             (no amulet)
HPRegen  0.12/turn              j - +4 ring of evasion
MPRegen  0.10/turn              (no ring)

@: no status effects
A: sickness immunity, AC +4, negative energy resistance 1, electricity
resistance, torment resistance 1, petrification resistance
a: no special abilities


You were on level 3 of the Dungeon.
You visited 1 branch of the dungeon, and saw 3 of its levels.

You collected 58 gold pieces.

Inventory:

Hand Weapons
 a - a +1 flail (weapon)
Missiles
 k - 16 poisoned darts (quivered)
Armour
 b - a +0 scale mail (worn)
 c - a +0 kite shield (worn)
 l - a +0 pair of gloves (worn)
 n - a +0 pair of boots (worn)
Jewellery
 j - a +4 ring of evasion (left hand)
Scrolls
 m - 2 scrolls of teleportation
Potions
 d - a potion of flight
 f - 2 potions of resistance


   Skills:
 + Level 3.7 Fighting
 * Level 6.3 Maces & Flails
 + Level 3.7 Armour
 + Level 3.7 Shields


You had 5 spell levels left.
You didn't know any spells.
Your spell library contained the following spells:

 Spells                   Type           Power      Damage    Failure   Level
 Animate Skeleton         Necr           0%         N/A       100%        1
 Magic Dart               Conj           0%         1d3       100%        1
 Pain                     Necr           0%         1d4       100%        1
 Searing Ray              Conj           0%         3d3       100%        2
 Vampiric Draining        Necr           0%         2d6       100%        3
 Fulminant Prism          Conj/Hex       0%         3d6       100%        4


Dungeon Overview and Level Annotations

Branches:
Dungeon (3/15)

Altars:


Innate Abilities, Weirdness & Mutations

You are immune to sickness and miasma.
Your stone body is resilient. (AC +4)
You are immune to poison.
You resist negative energy. (rN+)
You are resistant to electric shocks. (rElec)
You are resistant to unholy torment.
You are immune to petrification.


Message History

You block the gnoll's attack.
You hit the gnoll.
The gnoll is heavily wounded.
You block the gnoll's attack. The gnoll closely misses you.
Your shield and scale mail prevent you from hitting the gnoll.
The gnoll is heavily wounded.
The gnoll hits you with a +0 club.
Your shield and scale mail prevent you from hitting the gnoll.
The gnoll is heavily wounded.
You block the gnoll's attack.
You barely miss the gnoll.
The gnoll is heavily wounded.
The gnoll hits you but does no damage. x2
You hit the gnoll.
The gnoll is severely wounded.
The gnoll hits you but does no damage.
You sock the gnoll!
You kill the gnoll!
You feel your strength returning.
d - a potion of flight
Things that are here:
a +0 club; a gnoll corpse You start resting.
HP restored.
There is a stone staircase leading down here.
You climb downwards.
There is a stone staircase leading up here.
You block the gnoll's attack.
You closely miss the gnoll. The gnoll hits you with a +0 halberd!
You block the gnoll's attack.
You barely miss the gnoll. The gnoll hits you with a +0 halberd!
You block the gnoll's attack. The gnoll hits you with a +0 halberd.
You block the gnoll's attack.
You hit the gnoll but do no damage. You block the gnoll's attack.
The gnoll throws a stone.
You block the stone. The gnoll hits you but does no damage.
You block the gnoll's attack.
There is a stone staircase leading up here.
The gnoll hits you from afar with a +0 halberd.
The gnoll hits you from afar with a +0 halberd!
You die...

######## #......#
#......#
#####......# ##
#...##..[..#####.
##♣.>.♣##........o.
#...g...#....#####.
#.@.♣...'...## ##
#.......#<..#♣♣♣♣♣♣
##♣.g.♣##g..#♣)....
#...# #g..#♣...^.
##### #.###♣..8..
#.###♣....#
#g..#♣...##
##..'....#
#.##♣...##


You could see 2 gnolls.

Vanquished Creatures
  An ice beast (D:3)
  4 orc priests (D:3)
  2 gnolls
  6 adders
  3 worms
  7 orcs
  13 endoplasms
  3 giant cockroaches
  5 goblins
  A hobgoblin (D:2)
  6 jackals
  5 ball pythons
  7 bats
  3 frilled lizards
  4 kobolds
  4 rats
74 creatures vanquished.

Notes
Turn   | Place    | Note
-------+----------+-------------------------------------------
     0 | D:1      | MisterFreud the Gargoyle Fighter began the quest for the
                  | Orb.
     0 | D:1      | Reached XP level 1. HP: 14/14 MP: 1/1
   302 | D:1      | Reached XP level 2. HP: 8/19 MP: 2/2
   914 | D:1      | Reached skill level 3 in Maces & Flails
   988 | D:1      | Reached XP level 3. HP: 23/23 MP: 3/3
  1213 | D:1      | Found a faded altar of an unknown god.
  1600 | D:2      | Reached skill level 4 in Maces & Flails
  1605 | D:2      | Reached XP level 4. HP: 25/28 MP: 4/4
  2272 | D:3      | Noticed an ice beast
  2515 | D:3      | Reached skill level 5 in Maces & Flails
  2515 | D:3      | Reached XP level 5. HP: 10/32 MP: 5/5
  2926 | D:3      | Killed an ice beast
  2927 | D:3      | Reached skill level 6 in Maces & Flails
  2927 | D:3      | Reached XP level 6. HP: 9/37 MP: 6/6
  3649 | D:3      | Slain by a gnoll

Illustrated notes

Levels and vault maps discovered:
D:1:      amcnicky_arrival_wind_blow, layout_basic,
          shapermc_ecumenical_altar_acropolis, kennysheep_pointless_box,
          amcnicky_mini_pool_small, minivault_5
D:2:      layout_rooms, glass_columns_a, minmay_circled_x
D:3:      layout_rooms, marbit_many_paths, grunt_decor_cap, kennysheep_path_1,
          serial_park_tiny_1, hex_intersection, grunt_ministairs_7

Skill      XL: |  1  2  3  4  5 |
---------------+----------------+-----
Maces & Flails | 3 4 5 6 |  6.3
Fighting       | |  3.7
Armour         | |  3.7
Shields        | |  3.7

Action                   |  1- 3 |  4- 6 || total
-------------------------+-------+-------++-------
Melee: Flail             |   103 |   172 ||   275
  Use: Potion            |       |     7 ||     7
       Scroll            |       |     5 ||     5
Armor: Scale mail        |    54 |    90 ||   144
Dodge: Dodged            |    39 |    89 ||   128
Block: Kite shield       |    55 |    90 ||   145
